Map: Récif abyssal EC

Players

KoinK

  • Race: Terran Terran
  • League: Diamond
  • Spawn Location: 5:00

Rainbw - Winner!

  • Race: Terran Terran
  • League: Diamond
  • Spawn Location: 11:00

VOD

Have the link to the VOD?

Description

Time

  • Played on: July 15, 2017, 12:47 p.m.
  • Length: 13:32
Show
View Real Time Build Order
Export as new Build Order

KoinK Terran 

Build Orders:  

Get SALT Encoding   

  12  0:01  SCV  
  13  0:13  SCV  
  14  0:17  Supply Depot  
  14  0:25  SCV  
  15  0:41  Barracks  
  15  0:44  SCV  
  15  0:47  Refinery  
  16  0:51  Refinery  
  16  0:56  SCV  
  17  1:08  SCV  
  18  1:20  SCV  
  19  1:28  Marine  
  19  1:31  Supply Depot  
  20  1:33  Orbital Command  
  20  1:46  Marine  
  21  1:53  Factory  
  21  2:04  SCV, Marine  
  23  2:16  SCV  
  23  2:21  Marine  
  24  2:28  SCV  
  25  2:37  Factory Reactor  
  25  2:39  Starport  
  25  2:40  SCV  
  26  2:52  SCV  
  26  2:57  Command Center  
  27  3:09  Supply Depot  
  27  3:15  Cyclone  
  30  3:23  Starport Tech Lab  
  30  3:27  SCV  
  30  3:30  Cyclone  
  30  3:31  Barracks Reactor  
  34  3:39  SCV  
  35  3:44  Raven  
  37  3:52  Supply Depot  
  37  4:09  Cyclone  
  40  4:13  Marine x2  
  40  4:14  Cyclone  
  45  4:23  Engineering Bay  
  45  4:26  SCV  
  45  4:31  Orbital Command, Marine x2  
  48  4:36  Viking  
  50  4:40  SCV  
  50  4:44  Cyclone  
  54  4:51  Missile Turret  
  55  4:52  SCV  
  55  4:56  Marine x2  
  55  4:59  SCV  
  58  5:05  SCV  
  56  5:14  Marine x2  
  56  5:21  SCV x2  
  60  5:23  Supply Depot  
  60  5:24  Supply Depot  
  60  5:32  Marine x2  
  62  5:45  Siege Tank, Viking x2  
  66  5:55  Marine x2  
  60  5:57  SCV x2  
  60  6:01  Barracks  
  62  6:05  Barracks  
  62  6:12  SCV  
  62  6:13  SCV, Marine x2  
  62  6:15  Medivac, Viking  
  70  6:19  Supply Depot  
  70  6:20  Missile Turret  
  73  6:27  SCV  
  73  6:28  SCV  
  73  6:31  Marine x2  
  77  6:33  Supply Depot  
  77  6:38  Siege Tank  
  77  6:41  SCV  
  77  6:42  SCV  
  77  6:45  Refinery  
  77  6:46  Refinery  
  79  6:48  Marine  
  79  6:49  Barracks Tech Lab, Marine  
  79  6:52  Barracks Tech Lab  
  81  7:06  Marine x2  
  81  7:07  SCV x2  
  85  7:11  Stimpack, Concussive Shells  
  85  7:13  Marauder  
  87  7:19  SCV x2  
  87  7:30  Viking x2  
  87  7:34  Marauder, Marine  
  94  7:43  Missile Turret  
  94  7:55  Command Center  
  94  7:57  Missile Turret  
  94  7:58  Combat Shields  
  94  8:16  SCV, Marine  
  94  8:21  Marine  
  94  8:22  SCV  
  93  8:28  SCV, Marauder  
  94  8:37  Supply Depot x2  
  94  8:50  Supply Depot  
  94  8:51  Supply Depot  
  94  8:52  Engineering Bay  
  94  8:55  Armory  
  94  8:58  Viking, Marine x2  
  94  8:59  SCV x2, Marauder, Siege Tank, Viking, Marine  
  108  9:08  Barracks  
  108  9:11  SCV x2, Barracks  
  108  9:16  Marine x2  
  108  9:17  Marine  
  112  9:20  Marauder  
  112  9:23  SCV x2  
  78  9:31  Siege Tank, Viking  
  78  9:32  Viking  
  78  9:34  Marine x3  
  74  9:41  Orbital Command, Marine  
  75  9:47  SCV  
  75  9:48  Supply Depot  
  75  9:50  SCV  
  75  9:52  Marine x3  
  79  9:58  Barracks Reactor x2  
  79  9:59  SCV, Marauder  
  83  10:02  SCV  
  83  10:03  Terran Infantry Armor Level 1  
  83  10:05  Terran Infantry Weapons Level 1  
  84  10:09  Marine  
  85  10:17  Barracks  
  85  10:19  Barracks  
  85  10:27  Marine x4  
  89  10:29  Medivac, Siege Tank, Barracks  
  89  10:31  Viking  
  89  10:33  Terran Ship Weapons Level 1  
  96  10:42  Marine  
  96  10:43  Marine x3  
  96  10:45  Marine x4  
  104  10:55  Supply Depot, Missile Turret  
  104  11:00  Marine  
  104  11:01  Marine x3  
  104  11:02  Marine  
  104  11:03  Marauder x2, Siege Tank, Marine  
  104  11:04  Medivac, Viking  
  119  11:06  SCV  
  119  11:07  SCV  
  119  11:09  SCV  
  124  11:14  Barracks Tech Lab, Barracks Reactor  
  124  11:18  SCV, Marine  
  124  11:19  SCV  
  124  11:21  SCV, Refinery  
  124  11:22  Refinery, Barracks Reactor  
  124  11:24  Marine x7  
  135  11:34  Marauder  
  135  11:36  Marine  
  135  11:37  Supply Depot  
  138  11:42  Marine x4  
  138  11:43  Marauder x2  
  143  11:55  Marauder, Marine x4  
  143  11:59  Marine  
  143  12:00  Marine x5  
  106  12:04  Marauder, Marine  
  94  12:12  Marine  
  94  12:13  Marine x3  
  94  12:15  Siege Tank  
  96  12:16  Viking, Marine  
  96  12:17  Marine x3  
  96  12:18  Marine x3  
  96  12:20  Viking  
  96  12:22  Marine  
  108  12:25  Supply Depot  
  98  12:41  Marine x3  
  98  12:42  Marine x7  
  98  12:43  Marine x2  
  86  12:49  Siege Tank  
  74  12:59  Marine x4  
  74  13:00  Marine x7  
  74  13:01  Marine  
Show
View Real Time Build Order
Export as new Build Order

Rainbw Terran - Winner!

Build Orders: Reaper Expand, MMM Bio 

Get SALT Encoding   

  12  0:00  SCV  
  13  0:12  SCV  
  14  0:17  Supply Depot  
  14  0:24  SCV  
  15  0:39  SCV  
  15  0:42  Barracks  
  16  0:46  Refinery  
  16  0:51  SCV  
  17  1:03  SCV  
  18  1:15  SCV  
  19  1:29  Orbital Command  
  19  1:30  Reaper  
  19  1:31  Supply Depot  
  20  1:39  Refinery  
  20  1:55  Command Center  
  20  1:58  SCV  
  21  2:08  Factory  
  21  2:13  Marine  
  22  2:20  SCV  
  23  2:31  Marine  
  23  2:33  SCV  
  25  2:44  Supply Depot  
  25  2:46  SCV  
  26  2:52  Starport  
  26  2:53  Factory Tech Lab  
  26  2:59  SCV  
  26  3:00  Bunker  
  27  3:11  SCV, Orbital Command  
  28  3:26  Factory Tech Lab  
  28  3:32  Orbital Command  
  28  3:33  Barracks  
  28  3:36  Barracks Reactor  
  28  3:38  Raven  
  30  3:48  Bunker  
  30  3:49  SCV  
  31  3:58  Siege Tank  
  34  4:04  SCV  
  34  4:07  SCV  
  36  4:12  Marine x2  
  36  4:17  SCV  
  39  4:25  SCV  
  39  4:29  Supply Depot  
  39  4:31  Starport Reactor, Stimpack, Marine x2  
  42  4:37  SCV x2  
  44  4:39  Siege Tank  
  44  4:45  Refinery  
  47  4:49  SCV  
  48  4:54  SCV, Marine x2  
  48  4:55  Marine  
  48  4:58  Engineering Bay  
  52  5:04  SCV  
  53  5:12  Marine x2  
  54  5:16  Marine  
  54  5:17  Siege Tank  
  58  5:21  Viking x2  
  62  5:30  Marine  
  62  5:31  Supply Depot, Marine  
  62  5:34  Supply Depot  
  64  5:36  SCV  
  64  5:37  SCV  
  66  5:44  Marine  
  66  5:48  Supply Depot, SCV, Marine  
  66  5:49  SCV  
  67  5:58  Siege Tank  
  67  6:01  Terran Infantry Weapons Level 1  
  69  6:15  SCV, Command Center  
  69  6:16  Medivac x2  
  74  6:21  SCV  
  74  6:23  Refinery  
  75  6:26  Supply Depot  
  75  6:30  SCV, Supply Depot  
  75  6:31  Marine  
  77  6:44  SCV x2, Marine x2  
  81  6:49  Marine  
  81  6:51  Combat Shields  
  81  6:52  Barracks  
  82  6:54  Barracks  
  82  7:00  SCV x2  
  84  7:07  Armory  
  83  7:08  Engineering Bay  
  83  7:17  Viking  
  83  7:18  Viking  
  84  7:25  SCV x2  
  84  7:29  Siege Tank  
  88  7:37  SCV x2, Marine x2  
  88  7:42  Orbital Command  
  91  8:02  SCV x2, Marine x2  
  91  8:05  Marine  
  90  8:23  SCV, Orbital Command  
  90  8:24  SCV  
  82  8:36  SCV x2, Marine  
  82  8:37  Barracks Reactor x2  
  82  8:39  Terran Infantry Armor Level 1  
  85  8:47  Marine x2  
  85  8:48  SCV x2  
  89  8:52  SCV  
  89  8:54  Marine  
  91  9:00  SCV, Viking  
  91  9:01  Viking  
  96  9:06  Siege Tank  
  99  9:10  Terran Infantry Weapons Level 2  
  99  9:11  Terran Vehicle Weapons Level 1  
  99  9:13  SCV x3  
  98  9:28  Marine  
  98  9:30  Marine  
  98  9:31  Marine x2  
  86  9:39  Marine x2  
  86  9:40  SCV x2  
  86  9:43  Command Center  
  86  9:44  Viking x2  
  94  9:47  Factory  
  94  9:48  Barracks  
  94  9:49  SCV  
  94  9:50  Refinery  
  94  9:51  Refinery, Barracks  
  94  9:52  SCV, Marine  
  96  9:53  Marine x4  
  96  9:55  Supply Depot  
  96  9:58  Missile Turret  
  101  10:00  SCV, Sensor Tower  
  101  10:06  Marine  
  103  10:07  Marine  
  103  10:08  Concussive Shells  
  103  10:10  SCV x2, Marine  
  107  10:15  SCV  
  107  10:16  Marine x4  
  112  10:22  Medivac x2  
  112  10:24  Marine  
  117  10:28  Sensor Tower  
  117  10:32  Siege Tank  
  117  10:34  Marine x2  
  117  10:35  Factory Tech Lab  
  122  10:37  SCV x3  
  122  10:38  Barracks Reactor  
  122  10:39  Barracks Reactor  
  125  10:49  Supply Depot x2  
  125  10:52  Supply Depot  
  125  10:54  Terran Infantry Armor Level 2  
  125  10:55  Medivac, Marine x4  
  131  11:01  Marine  
  131  11:02  SCV, Marine  
  131  11:03  SCV x2  
  136  11:11  Siege Tank x2  
  142  11:15  SCV x3  
  145  11:26  Marine x2  
  145  11:27  SCV x2, Marine x7  
  156  11:34  Marine  
  157  11:43  Siege Tank, Viking x2  
  164  11:56  Siege Tank  
  150  12:06  Marine x11  
  150  12:13  Viking x2  
  150  12:14  Planetary Fortress  
  152  12:20  Barracks  
  152  12:21  Barracks  
  152  12:23  Marine  
  152  12:24  Starport, Marine x4  
  150  12:43  Viking x2  
  139  13:04  Marine  
  139  13:05  Marine x8  
  142  13:07  Marine  
Tags
 
Composition
MMM Bio
Matchup
TvT
Race
Terran
Spawn Locations
Cross Positions
Add a new tag
Caveats
  • Supply blocks, unpowered buildings, or Contaminate may cause inaccurate times.
  • Supply counts are checked every 10 seconds.